 Dungeon Crawl Stone Soup version 0.30-a0-6-g7c9e10e132 (webtiles) character file.

Game seed: 4768205157637069533

95 SensoryNuts the Chopper (level 4, -3/40 HPs)
             Began as a Hill Orc Fighter on Aug 22, 2022.
             Slain by an orc
             ... wielding a +0 flail
              (8 damage)
             ... on level 2 of the Dungeon on Aug 23, 2022.
             The game lasted 00:02:34 (2232 turns).

SensoryNuts the Chopper (Hill Orc Fighter)          Turns: 2232, Time: 00:02:35

Health: -3/40      AC:  7    Str: 24    XL:     4   Next: 65%
Magic:  4/4        EV:  6    Int:  7    God:
Gold:   85         SH:  4    Dex:  9    Spells: 3/3 levels left

rFire   . . .      SeeInvis .    a - +0 war axe
rCold   . . .      Faith    .    c - +0 buckler
rNeg    . . .      Spirit   .    g - +0 plate armour
rPois   .          Reflect  .    (no helmet)
rElec   .          Harm     .    (no cloak)
rCorr   .          Rampage  .    i - +0 pair of gloves
Will    .....                    (no boots)
Stlth   ..........               (no amulet)
HPRegen 0.13/turn                (no ring)
MPRegen 0.09/turn                (no ring)

@: mighty, unable to read
A: deformed body, strong 1, inability to read after injury 1
a: no special abilities


You were on level 2 of the Dungeon.
You visited 1 branch of the dungeon, and saw 3 of its levels.

You collected 85 gold pieces.

Inventory:

Hand Weapons
 a - a +0 war axe (weapon)
Armour
 c - a +0 buckler (worn)
 g - a +0 plate armour (worn)
 i - a +0 pair of gloves (worn)
Jewellery
 b - a ring of protection from fire
Scrolls
 e - a scroll of blinking {unknown}


   Skills:
 + Level 4.0 Fighting
 * Level 5.2 Axes
 + Level 3.6 Armour
 + Level 0.3 Dodging
 + Level 3.6 Shields


You had 3 spell levels left.
You didn't know any spells.
Your spell library contained the following spells:

 Spells                   Type           Power      Damage    Failure   Level
 Corpse Rot               Necr/Pois/Air  0%         N/A       100%        4
 Dispel Undead            Necr           0%         3d6       100%        4
 Death Channel            Necr           0%         N/A       100%        6


Dungeon Overview and Level Annotations

Branches:
Dungeon (3/15)

Altars:

Shops:
D:1 ?


Innate Abilities, Weirdness & Mutations

Armour fits poorly on your strangely shaped body.
Your muscles are strong. (Str +4, Int/Dex -1)
You occasionally lose the ability to read scrolls when taking damage.


Message History

You slash the orc!
You kill the orc!
You hit the orc. The orc hits you with a +0 mace. The orc barely misses you.
The orc hits you with a +0 mace.
You are too injured to fight recklessly!
You are too injured to fight recklessly!
You are too injured to fight recklessly!
You are too injured to fight recklessly!
Unknown command.
You are too injured to fight recklessly!
The orc attacks as you move away! The orc hits you but does no damage.
The orc attacks as you move away! You block the orc's attack.
The orc wizard gestures wildly while chanting.
The orc wizard flickers and vanishes!
Deactivating autopickup; reactivate with Ctrl-A.
The orc attacks as you move away! The orc hits you with a +0 flail.
You feel threatened and lose the ability to read scrolls!
The endoplasm attacks as you move away! The endoplasm hits you.
* * * LOW HITPOINT WARNING * * *
The orc attacks as you move away! The orc hits you with a +0 flail.
* * * LOW HITPOINT WARNING * * *
You can read scrolls again.
The endoplasm attacks as you move away!
The endoplasm hits you but does no damage.
The orc attacks as you move away! The orc hits you but does no damage.
Found a scroll labelled OSORA NOKH.
Something hits you but does no damage.
There is a stone staircase leading up here.
The orc barely misses you.
You climb upwards.
Reactivating autopickup.
There is a stone staircase leading down here.
You are too injured to fight recklessly!
The orc hits you with a +0 flail.
* * * LOW HITPOINT WARNING * * *
You feel very mighty all of a sudden. Something hits you but does no damage.
Deactivating autopickup; reactivate with Ctrl-A.
The orc hits you with a +0 flail!
You feel threatened and lose the ability to read scrolls!
You die...

...#.#########.#.#.# #.####.###
.....# #.#.#.# #.#..#.#
.....#########.#.#.###....#.#####
.<...................#..#........
....#...######.#.#.#.#....#.#####
..###.#........#.#.#.#....#.#
...>#.##.......#...#.#....#.#
#.#.#.##.......###.#.#....#.#
#...#.##........@..#.#....#.#
#####.##......###o>.....###.#
...<.)##......# ##.#.##.#.).#
########......# #.#....#.###
....).........# ###....#.#
####..........#######.#.#.#
#..'..................#.#.#
#.##....#####.#########.#.#
#.##....#####.#......##.#.#


You could see an orc.

Vanquished Creatures
  An adder (D:2)
  3 worms (D:2)
  3 dart slugs
  5 orcs (D:3)
  6 endoplasms
  3 giant cockroaches
  4 hobgoblins (D:1)
  6 jackals
  3 quokkas
  5 ball pythons
  3 bats (D:2)
  3 frilled lizards (D:1)
  6 goblins
  7 kobolds
  5 rats
63 creatures vanquished.

Notes
Turn   | Place    | Note
-------+----------+-------------------------------------------
     0 | D:1      | SensoryNuts the Hill Orc Fighter began the quest for the
                  | Orb.
     0 | D:1      | Reached XP level 1. HP: 19/19 MP: 1/1
   114 | D:1      | Reached skill level 3 in Axes
   114 | D:1      | Reached XP level 2. HP: 19/27 MP: 2/2
   329 | D:1      | Found Celled's Magic Scroll Shoppe.
   340 | D:1      | Found a faded altar of an unknown god.
   372 | D:1      | Reached XP level 3. HP: 33/33 MP: 3/3
   528 | D:1      | Reached skill level 4 in Axes
  1289 | D:2      | Reached XP level 4. HP: 40/40 MP: 4/4
  1851 | D:2      | Gained mutation: Armour fits poorly on your strangely
                  | shaped body. [potion of mutation]
  1851 | D:2      | Gained mutation: Your muscles are strong. (Str +4, Int/Dex
                  | -1) [potion of mutation]
  1851 | D:2      | Gained mutation: You occasionally lose the ability to read
                  | scrolls when taking damage. [potion of mutation]
  2201 | D:3      | Reached skill level 5 in Axes
  2232 | D:2      | Slain by an orc

Illustrated notes

Levels and vault maps discovered:
D:1:      minmay_arrival_four_circles, layout_basic,
          shapermc_ecumenical_altar_starsandcircs, serial_shops, shop,
          minmay_distorted
D:2:      layout_basic, chequers_arboretum
D:3:      layout_rooms, st_stairs_14

Skill      XL: |  1  2  3  4 |
---------------+-------------+-----
Axes           | 3 4 5 |  5.2
Fighting       | 4 |  4.0
Armour         | |  3.6
Dodging        | |  0.3
Shields        | |  3.6

Action                   |  1- 3 |  4- 6 || total
-------------------------+-------+-------++-------
Melee: War axe           |    82 |    64 ||   146
  Use: Scroll            |     4 |     3 ||     7
       Potion            |     2 |     2 ||     4
Armor: Scale mail        |    48 |     2 ||    50
       Plate armour      |       |    43 ||    43
Dodge: Dodged            |    23 |    14 ||    37
Block: Buckler           |    13 |    21 ||    34

Table legend: (Time is in decaauts)
 A = Elapsed time spent in this place.
 B = Non-inter-level travel time spent in this place.
 C = Inter-level travel time spent in this place.
 D = Time resting spent in this place.
 E = Time spent auto-exploring this place.
 F = Levels seen in this place.
 G = Mean time per level.
                   A        B        C        D        E       F      G
               +--------+--------+--------+--------+--------+-----+--------+
         Total |   2281 |   2216 |     65 |    235 |   1542 |   3 |  760.3 |
       Dungeon |   2281 |   2216 |     65 |    235 |   1542 |   3 |  760.3 |
               +--------+--------+--------+--------+--------+-----+--------+

Top non-repeatable levels by time:
     D:2: 1094 daAuts
     D:1: 1065 daAuts
     D:3: 121 daAuts
